 Dungeon Crawl Stone Soup version 0.31.0-11-ge490571c62 (webtiles) character file.

Game seed: 10613107163962704898

49991 Amplified the Tortoise (level 14, -9/122 HPs)
             Began as an Armataur Gladiator on Feb 10, 2024.
             Was a High Priest of the Shining One.
             Mangled by Donald
             ... wielding a +2 broad axe of venom
              (33 damage)
             ... on level 2 of the Orcish Mines.
             The game lasted 00:34:30 (14124 turns).

Amplified the Tortoise (Armataur Gladiator)        Turns: 14124, Time: 00:34:30

Health: -9/122     AC: 30    Str: 25    XL:     14   Next: 18%
Magic:  22/23      EV: 11    Int: 11    God:    the Shining One [*****.]
Gold:   1399       SH: 22    Dex: 14    Spells: 11/13 levels left

rFire   + . .        u - +1 eveningstar (freeze)
rCold   + . .        B - +2 buckler {rC+}
rNeg    + + .        U - +3 scale mail {rC+}
rPois   .            o - +2 hat {Will+}
rElec   .            M - +0 cloak
rCorr   +            T - +2 pair of gloves {Dex+3}
SInv    .            w - +3 barding "Apnuj" {rCorr Int+2}
Will    ++...        i - amulet of reflection Stlth
                     t - ring of fire
HPRegen 1.05/turn    H - +5 ring of evasion
MPRegen 0.51/turn

%: reflection, roll
@: lethally poisoned (-9 -> -12), divinely shielded, on berserk cooldown, hasted
and slowed, glowing, studying Armour
A: large, deformed body, tough skin 3, armoured tail, roll 2
a: Renounce Religion, Divine Shield, Cleansing Flame, Summon Divine Warrior


You were on level 2 of the Orcish Mines.
You worshipped the Shining One.
The Shining One was extremely pleased with you.
You visited 3 branches of the dungeon, and saw 16 of its levels.
You also visited: Bailey and Ice Cave.

You collected 1399 gold pieces.

Inventory:

Hand Weapons
 a - a +1 war axe
 d - a -1 demon whip of venom
 p - a +2 lajatang of electrocution
 u - a +1 eveningstar of freezing (weapon)
 J - a +2 halberd of electrocution
Missiles
 e - a javelin
 r - 13 poisoned darts
Armour
 o - a +2 hat of willpower (worn)
 w - the +3 barding "Apnuj" (worn) {rCorr Int+2}
   (You acquired it in a bailey)

   Int+2:     It affects your intelligence (+2).
   rCorr:     It protects you from acid and corrosion.
 B - a +2 buckler of cold resistance (worn)
 E - a +4 tower shield of cold resistance
 M - a +0 cloak (worn)
 T - a +2 pair of gloves of dexterity (worn)
 U - a +3 scale mail of cold resistance (worn)
Magical Staves
 R - the staff of Diet Blood {Str+5 Int+4 Earth}
   (You found it in an ice cave)

   [staff of earth]

   Base accuracy: +5 Base damage: 5 Base attack delay: 1.2 This weapon's minimum
   attack delay (0.6) is reached at skill level 12.
   Str+5:     It affects your strength (+5).
   Int+4:     It affects your intelligence (+4).
   Earth:     It increases the power of your Earth spells.
   It falls into the 'Staves' category.
   It is a one-handed weapon.
Jewellery
 b - a ring of positive energy
 g - a ring of ice
 i - an amulet of reflection (around neck)
 t - a ring of fire (left hand)
 A - a ring of flight
 H - a +5 ring of evasion (right hand)
 K - a ring of ice
 N - an amulet of regeneration
Wands
 L - a wand of charming (3)
 P - a wand of roots (3)
Scrolls
 l - 2 scrolls of teleportation
 m - 3 scrolls of fog
 x - 3 scrolls of poison
 y - 2 scrolls of identify
 z - a scroll of immolation
 D - a scroll of vulnerability
Potions
 f - 3 potions of mutation
 h - 3 potions of curing
 j - 4 potions of brilliance
 q - a potion of lignification
 s - 3 potions of magic
 v - 2 potions of ambrosia
 C - a potion of haste
 G - a potion of heal wounds
 I - a potion of cancellation
 S - a potion of attraction
Miscellaneous
 F - a phial of floods
 O - a lightning rod (1/4)


   Skills:
 + Level 10.3 Fighting
 - Level 10.2(11.7) Axes
 * Level 3.4(7.9) Maces & Flails
 - Level 8.4(10.6) Polearms
 - Level 1.7 Throwing
 + Level 15.6 Armour
 - Level 2.1 Dodging
 * Level 12.2 Invocations


You had 11 spell levels left.
You knew the following spells:

 Your Spells              Type           Power      Damage    Failure   Level
a - Lesser Beckoning      Tloc           0%         N/A       75%         2

Your spell library contained the following spells:

 Spells                   Type           Power      Damage    Failure   Level
 Sting                    Conj/Alch      0%         1d3       61%         1
 Ensorcelled Hibernation  Hex/Ice        0%         N/A       75%         2
 Mercury Vapours          Alch/Air       0%         N/A       75%         2
 Static Discharge         Conj/Air       0%         3-3/arc   75%         2
 Call Canine Familiar     Summ           0%         N/A       93%         3
 Fugue of the Fallen      Necr           0%         N/A       93%         3
 Gell's Gravitas          Tloc           0%         N/A       93%         3
 Hailstorm                Conj/Ice       0%         3d5       93%         3
 Passwall                 Erth           0%         N/A       93%         3
 Summon Ice Beast         Ice/Summ       0%         N/A       93%         3
 Swiftness                Air            0%         N/A       93%         3
 Teleport Other           Tloc           0%         N/A       93%         3
 Airstrike                Air            0%         2d(0-16)  100%        4
 Anguish                  Hex/Necr       0%         N/A       100%        4
 Cause Fear               Hex            0%         N/A       100%        4
 Ignite Poison            Fire/Alch      0%         N/A       100%        4
 Leda's Liquefaction      Alch/Erth      0%         N/A       100%        4
 Olgreb's Toxic Radiance  Alch           0%         N/A       100%        4
 Sticky Flame             Fire/Alch      0%         2d4       100%        4
 Summon Lightning Spire   Summ/Air       0%         N/A       100%        4
 Lee's Rapid Deconstruct  Erth           0%         3d4*      100%        5
 Summon Forest            Summ/Tloc      0%         N/A       100%        5
 Bombard                  Conj/Erth      0%         9d1       100%        6
 Eringya's Noxious Bog    Alch           0%         4d6       100%        6
 Sculpt Simulacrum        Ice/Alch       0%         N/A       100%        6
 Summon Cactus Giant      Summ           0%         N/A       100%        6
 Enfeeble                 Hex            0%         N/A       100%        7
 Summon Hydra             Summ           0%         N/A       100%        7
 Ignition                 Fire           0%         3d3       100%        8
 Summon Horrible Things   Summ           0%         N/A       100%        8


Dungeon Overview and Level Annotations

Branches:
Dungeon (13/15)            Temple (1/1) D:7            Lair (0/5) D:10
    Orc (2/2) D:11            Elf (0/3) Orc:2        Bailey (visited)
  IceCv (visited)
 Vaults: D:13-14

Altars:
Ashenzari
Cheibriados
Dithmenos
Elyvilon
Fedhas
Gozag
Hepliaklqana
Kikubaaqudgha
Makhleb
Nemelex Xobeh
Okawaru
Qazlal
Ru
Sif Muna
Trog
Uskayaw
Vehumet
Wu Jian
Xom
Yredelemnul
Zin
The Shining One

Shops:
D:2 =   D:3 (   D:7 *   D:9 (

Annotations:
D:7 3 runed translucent doors, CapUranus's ghost, novice DsBe; Chiseanne's ghost, novice OpSh; Democracy123's ghost, novice OpBe; ymhsbmbesitwf's ghost, novice MiBe
D:8 3 runed translucent doors, Voland's ghost, novice TeAE
D:12 6 runed translucent doors
Orc:2 Donald


Innate Abilities, Weirdness & Mutations

Armour fits poorly on your strangely shaped body.
You have extremely tough skin. (AC +3)
You have a long armoured tail.
You regenerate magic and health when rolling toward enemies. (Rampage Regen)


Message History

The orc priest is healed somewhat.
An orc wizard comes into view. It is wielding a +0 dagger.
You block the orc priest's attack.
The orc priest looks braver for a moment.
Donald says, "These orcs are so stupid, they must've eaten the rune."
Donald closely misses you.
You bludgeon Donald!! You freeze Donald.
Donald is moderately wounded.
You feel very sick. The orc priest misses you.
The orc wizard mumbles some strange words.
The orc wizard flickers and vanishes for a moment.
The orc priest hits you but does no damage.
You block Donald's attack.
An orc sorcerer comes into view. It is wielding a +0 dagger.
Unknown command.
Donald blocks your attack.
Donald is moderately wounded.
You feel sick. You block the orc priest's attack.
An orc warrior comes into view. It is wielding a +0 dire flail.
Donald hits you with a +2 broad axe of venom!
You are more poisoned.
You block the orc priest's attack.
You feel very sick.
Items here: )) [ ††.
Unknown command.
You feel a strong urge to attack something.
You feel sick.
The orc priest invokes the aid of Beogh against you.
Beogh smites you!
* * * LOW HITPOINT WARNING * * *
Items here: )) [[ ††.
You are no longer berserk.
You are exhausted.
You feel yourself slow down.
You feel sick.
The orc priest attacks as it pursues you!
You block the orc priest's attack. Donald attacks as he pursues you!
Donald hits you with a +2 broad axe of venom!!
You die...
Donald says, "I won.
I... don't hate that."

...................
...........................
...........................
...........................
...........................
.....#.....................
................))........o
....#.........)))@)o$......
...#..$#....)).$@o)o)......
.##..$)#)....).######$..###
.#...$.)).....## .....
....)))).)...## ....
.#...#$##...)# #..
....#)..#....# o
...###...)...#
...###..##...#
...##.$.###..#


You could see Donald (fast, strong, reflecting), 2 orc priests and an orc wizard
(invisible).

Vanquished Creatures
  Gastronok (D:8)
  2 orc warlords (Orc:2)
  A reaper (IceCv)
  Erolcha (D:11)
  A rakshasa (D:12)
  Fannar (D:12)
  A centaur warrior (D:12)
  8 two-headed ogres
  3 orc high priests (Orc:2)
  Amaemon (D:7)
  A deep elf knight (D:12)
  Nergalle (D:11)
  2 skeletal warriors
  4 lindwurms
  A deep elf archer (D:12)
  2 deep elf pyromancers
  Maurice (D:10)
  2 orc sorcerers (Orc:2)
  2 manticores
  An ugly thing (D:7)
  7 centaur zombies (D:11)
  2 meliai
  5 cyclopes
  A kobold blastminer (Orc:2)
  3 elephants
  An ice statue (IceCv)
  A gargoyle (D:12)
  An orange demon (D:7)
  An unseen horror (D:10)
  3 kobold demonologists
  A komodo dragon (D:10)
  A freezing wraith (IceCv)
  Psyche (D:11)
  10 trolls
  A hornet (D:8)
  Prince Ribbit (D:6)
  5 wraiths
  4 slime creatures (D:12)
  A dire elephant simulacrum (IceCv)
  28 yaks
  5 vampires (D:11)
  3 shadows
  A golden eye (shapeshifter) (D:13)
  2 vampire mosquitoes
  2 wargs
  A death yak simulacrum (IceCv)
  3 steam dragons
  2 harpy simulacra (IceCv)
  2 acid dragons (D:11)
  An ice beast (D:7)
  A sky beast (D:6)
  28 orc warriors
  A black bear (D:5)
  7 ogres
  8 centaurs
  3 phantoms
  2 kobold brigands (D:7)
  7 bullfrogs
  4 gnoll sergeants
  7 two-headed ogre simulacra (IceCv)
  3 cane toad simulacra (IceCv)
  7 scorpions
  20 wights
  An oklob sapling (D:7)
  2 elephant simulacra (IceCv)
  4 killer bees
  2 electric eels
  3 howler monkeys
  2 bombardier beetles
  3 jellies
  2 gnoll boudas
  3 hounds
  28 orc priests
  Jessica (D:2)
  4 iguanas
  13 orc wizards
  5 troll simulacra (IceCv)
  2 polar bear simulacra (IceCv)
  5 spriggan simulacra (IceCv)
  A wolf simulacrum (IceCv)
  A howler monkey zombie (D:11)
  11 adders
  32 gnolls
  5 naga simulacra (IceCv)
  2 shadow imps
  2 white imps (IceCv)
  11 ufetubi
  2 dart slugs
  A ribbon worm (D:2)
  74 orcs
  7 bats
  10 endoplasms
  3 giant cockroaches
  11 goblins
  9 hobgoblins
  3 jackals (D:3)
  7 kobolds
  3 quokkas
  14 ball pythons
  2 frilled lizards
  5 rats
531 creatures vanquished.

Vanquished Creatures (others)
  A lindwurm (D:11)
  A white imp (IceCv)
2 creatures vanquished.

Grand Total: 533 creatures vanquished

Notes
Turn   | Place    | Note
-------+----------+-------------------------------------------
     0 | D:1      | Amplified the Armataur Gladiator began the quest for the
                  | Orb.
     0 | D:1      | Reached XP level 1. HP: 17/17 MP: 1/1
   146 | D:1      | Reached XP level 2. HP: 24/24 MP: 2/2
   169 | D:1      | Reached skill level 1 in Armour
   547 | D:1      | Reached XP level 3. HP: 26/29 MP: 3/3
   877 | D:2      | Found a faded altar of an unknown god.
   985 | D:2      | Found Olyosyla's Jewellery Emporium.
  1130 | D:2      | Noticed Jessica
  1140 | D:2      | Killed Jessica
  1141 | D:2      | Reached skill level 2 in Armour
  1141 | D:2      | Reached XP level 4. HP: 31/37 MP: 4/4
  1922 | D:3      | Found Esuirhuto's Antique Weapon Boutique.
  2046 | D:3      | Reached XP level 5. HP: 44/44 MP: 5/5
  2508 | D:4      | Noticed an ogre
  2516 | D:4      | Killed an ogre
  2517 | D:4      | Reached skill level 3 in Armour
  2517 | D:4      | Reached XP level 6. HP: 50/51 MP: 6/6
  2832 | D:4      | Reached skill level 4 in Armour
  2888 | D:4      | Found a shimmering blue altar of Sif Muna.
  2920 | D:4      | Found an iron altar of Okawaru.
  3129 | D:4      | Reached skill level 5 in Axes
  3129 | D:4      | Gained mutation: You regenerate magic and health when
                  | rolling toward enemies. (Rampage Regen) [Armataur growth]
  3129 | D:4      | Reached XP level 7. HP: 53/58 MP: 7/7
  3231 | D:5      | Entered Level 5 of the Dungeon
  3548 | D:5      | Reached skill level 5 in Armour
  3550 | D:5      | Found a glowing silver altar of Zin.
  3969 | D:6      | Reached XP level 8. HP: 66/67 MP: 8/8
  4165 | D:6      | Noticed Prince Ribbit
  4177 | D:6      | Killed Prince Ribbit
  4267 | D:6      | Reached skill level 5 in Fighting
  4267 | D:6      | Reached skill level 6 in Armour
  4562 | D:7      | Found a staircase to the Ecumenical Temple.
  4590 | D:7      | Found Fenwy's Sacrilege Store.
  4696 | D:7      | Noticed a red ugly thing
  4696 | D:7      | Noticed a troll
  4696 | D:7      | Noticed a cyclops
  4698 | D:7      | Noticed a troll
  4699 | D:7      | Killed a troll
  4700 | D:7      | Reached XP level 9. HP: 74/74 MP: 9/9
  4705 | D:7      | Killed a red ugly thing
  4706 | D:7      | Reached skill level 7 in Armour
  5001 | D:7      | Killed a troll
  5193 | D:7      | Identified the orb "Vuoqyrif" {light, Dex+3 SInv Summ}
  5248 | D:7      | Found a sparkling altar of Nemelex Xobeh.
  5249 | D:7      | Found a hazy altar of Hepliaklqana.
  5260 | D:7      | Found a snail-covered altar of Cheibriados.
  5260 | D:7      | Found a broken altar of Ashenzari.
  5269 | D:7      | Reached skill level 8 in Armour
  5449 | D:7      | Killed a cyclops
  5450 | D:7      | Reached XP level 10. HP: 54/84 MP: 10/10
  5782 | Temple   | Entered the Ecumenical Temple
  5921 | Temple   | Became a worshipper of the Shining One
  5980 | D:7      | Found a runed translucent gate.
  5980 | D:7      | Found a runed translucent gate.
  5980 | D:7      | Found a runed translucent gate.
  5981 | D:7      | Noticed Democracy123's ghost (novice OpBe)
  5981 | D:7      | Noticed CapUranus's ghost (novice DsBe)
  5981 | D:7      | Noticed Chiseanne's ghost (novice OpSh)
  5982 | D:7      | Noticed Chiseanne's ghost (novice OpSh)
  5982 | D:7      | Noticed ymhsbmbesitwf's ghost (novice MiBe)
  6122 | D:8      | Noticed Amaemon
  6160 | D:8      | Noticed an orange demon
  6167 | D:7      | Reached skill level 1 in Invocations
  6181 | D:8      | Noticed a manticore
  6219 | D:7      | Killed Amaemon
  6236 | D:7      | Reached * piety under the Shining One
  6366 | D:8      | Noticed a boulder beetle
  6382 | D:7      | Killed an orange demon
  6423 | D:8      | Killed a manticore
  6424 | D:8      | Reached skill level 9 in Armour
  6705 | D:8      | Noticed Gastronok
  6737 | D:8      | Killed Gastronok
  6825 | D:8      | Paralysed by a hornet for 2 turns
  6833 | D:8      | Paralysed by a hornet for 2 turns
  6836 | D:8      | Reached skill level 10 in Axes
  7082 | D:8      | Found a runed translucent gate.
  7109 | D:8      | Reached skill level 5 in Invocations
  7184 | D:8      | Found a runed translucent gate.
  7184 | D:8      | Found a runed translucent gate.
  7184 | D:8      | Noticed Voland's ghost (novice TeAE)
  7299 | D:9      | Reached XP level 11. HP: 91/92 MP: 14/14
  7301 | D:9      | Noticed a two-headed ogre
  7301 | D:9      | Reached ** piety under the Shining One
  7312 | D:9      | Killed a two-headed ogre
  7347 | D:9      | Found Timisteva's Antique Weapon Shoppe.
  7425 | D:9      | Found a flagged portal.
  7431 | Bailey   | Entered a bailey
  7568 | Bailey   | Noticed an orc knight
  7583 | Bailey   | an orc knight changed into a lindwurm
  7583 | Bailey   | Noticed a lindwurm
  7589 | Bailey   | Killed a lindwurm
  7590 | Bailey   | Reached skill level 10 in Armour
  7693 | Bailey   | Acquired the +3 barding "Apnuj" {rCorr Int+2}
  7816 | D:9      | Reached skill level 1 in Polearms
  7818 | D:9      | Found a stormy altar of Qazlal.
  8104 | D:9      | Reached *** piety under the Shining One
  8413 | D:10     | Entered Level 10 of the Dungeon
  8692 | D:10     | Noticed Maurice
  8738 | D:10     | Killed Maurice
  8739 | D:10     | Reached skill level 11 in Armour
  8987 | D:10     | Found a staircase to the Lair.
  9044 | D:10     | Noticed a deep elf pyromancer
  9078 | D:10     | Killed a deep elf pyromancer
  9250 | D:10     | Learned a level 2 spell: Lesser Beckoning
  9255 | D:11     | Noticed Erolcha
  9261 | D:11     | Killed Erolcha
  9265 | D:11     | Noticed a two-headed ogre
  9319 | D:11     | Noticed a two-headed ogre
  9371 | D:11     | Found a staircase to the Orcish Mines.
  9404 | D:11     | Reached XP level 12. HP: 103/103 MP: 17/17
  9426 | D:11     | Reached **** piety under the Shining One
  9498 | D:11     | Killed a two-headed ogre
  9499 | D:11     | Reached skill level 12 in Armour
  9550 | D:11     | Noticed a two-headed ogre
  9559 | D:11     | Killed a two-headed ogre
  9560 | D:11     | Reached skill level 5 in Polearms
 10049 | D:11     | Noticed Nergalle
 10058 | D:11     | Killed Nergalle
 10090 | D:11     | Noticed Psyche
 10093 | D:11     | Killed a two-headed ogre
 10094 | D:11     | Reached skill level 13 in Armour
 10097 | D:11     | Killed Psyche
 10486 | D:12     | Noticed a two-headed ogre
 10490 | D:12     | Noticed a two-headed ogre
 10509 | D:11     | Killed a two-headed ogre
 10672 | D:12     | Noticed Fannar
 10686 | D:12     | Killed Fannar
 10687 | D:12     | Reached skill level 10 in Invocations
 10764 | D:13     | Reached XP level 13. HP: 111/111 MP: 20/20
 11157 | D:12     | Reached skill level 14 in Armour
 11673 | D:12     | Found a runed translucent gate.
 11673 | D:12     | Found a runed translucent gate.
 11673 | D:12     | Found a runed translucent gate.
 11749 | D:12     | Identified the +4 falchion of Freehold {vamp, Dex+2}
 11749 | D:12     | Noticed a tengu reaver
 11751 | D:12     | Noticed a fire giant
 11975 | D:12     | Found a runed translucent gate.
 11975 | D:12     | Found a runed translucent gate.
 11975 | D:12     | Found a runed translucent gate.
 12228 | D:11     | Got the Directory of the Congregation
 12270 | Orc:1    | Entered Level 1 of the Orcish Mines
 12279 | Orc:1    | Found a frozen archway.
 12429 | IceCv    | Entered an ice cave
 12509 | IceCv    | Reached ***** piety under the Shining One
 12969 | IceCv    | Noticed a reaper
 12975 | IceCv    | Reached skill level 10 in Fighting
 13068 | IceCv    | Killed a reaper
 13152 | IceCv    | Reached skill level 15 in Armour
 13293 | IceCv    | Identified the staff of Diet Blood {Str+5 Int+4 Earth}
 13594 | Orc:2    | Entered Level 2 of the Orcish Mines
 13595 | Orc:2    | Noticed an orc warlord
 13627 | Orc:2    | Noticed an orc warlord
 13707 | Orc:2    | Reached skill level 1 in Maces & Flails
 13712 | Orc:2    | Killed an orc warlord
 13714 | Orc:2    | Killed an orc warlord
 13715 | Orc:2    | Reached XP level 14. HP: 62/121 MP: 12/22
 14070 | Orc:2    | Found a staircase to the Elven Halls.
 14106 | Orc:2    | Noticed Donald
 14124 | Orc:2    | Mangled by Donald

Illustrated notes

Levels and vault maps discovered:
D:1:      sevenhm_arrival_forest_fort_small_3, layout_basic
D:2:      layout_basic, serial_shops, nicolae_shop_advertising_works
          [nicolae_subvault_shop_adworks],
          hellmonk_ecumenical_altar_heavens_door, uniq_jessica
D:3:      layout_basic, serial_shops, nicolae_shop_tiny_statue_garden
D:4:      layout_basic, mainiacjoe_overflow_two_lobes, minmay_misc_feat_roman,
          minmay_snake_closets
D:5:      layout_basic, zin_statuary
D:6:      layout_cave_pools, palyth_stone_intersect, uniq_prince_ribbit1
D:7:      minmay_the_grid_octo_tiled_squarecenter
          [minmay_the_grid_octo_fan_narrow, minmay_the_grid_octo_pinwheel,
          minmay_the_grid_octo_shrine, minmay_the_grid_octo_concentric,
          minmay_the_grid_square_5x5_megaprize_diamond,
          minmay_the_grid_square_5x5_minibox, minmay_the_grid_square_5x5_six,
          minmay_the_grid_square_5x5_longway, minmay_the_grid_square_5x5_forky],
          layout_rooms, minmay_temple_entry_oklob, gammafunk_ghost_cemetery,
          nicolae_evil_shop
D:8:      layout_gridville, ebering_ghost_rock_garden, minmay_manual_moon,
          uniq_gastronok, uniq_amaemon
D:9:      layout_rooms, nicolae_qazlal_style_of_elements, serial_shops,
          nicolae_shop_back_alley_shop, enter_bailey_3, kennysheep_diamond,
          nicolae_twisty_statue_hallways
D:10:     layout_basic, grunt_lair_entry_orc_guard_hut, minmay_librarian,
          uniq_maurice
D:11:     minmay_clustersquares, layout_cave_pools, orc_0_dummy, serial_undead,
          serial_undead_f, serial_undead_b, serial_undead_e, serial_undead_e,
          serial_undead_c, serial_undead_a, serial_undead_b,
          minmay_lindwurm_lava, uniq_psyche, uniq_nergalle, uniq_erolcha
D:12:     kennysheep_treasure_stockpile, layout_cave_pools, nicolae_wwwww,
          beargit_elvish_explorers, uniq_fannar
D:13:     layout_cross, hellmonk_vaults_attempted_burglary
Temple:   regret_index_temple_mists
Orc:1:    layout_caves, portal_ice_cave_entry_pillars_1
Orc:2:    st_orc_mages, layout_caves, uniq_donald

Skill      XL: |  1  2  3  4  5  6  7  8  9 10 11 12 13 14 |
---------------+-------------------------------------------+-----
Fighting       | 2 3 4 5 6 7 8 9 10 | 10.3
Armour         | 1 2 3 4 5 6 8 9 11 13 15 | 15.6
Axes           | 3 4 5 6 7 9 10 | 10.2
Invocations    | 5 7 10 11 12 | 12.2
Polearms       | 4 6 8 |  8.4
Maces & Flails | 2 3 |  3.4
Throwing       | |  1.7
Dodging        | |  2.1

Action                     |  1- 3 |  4- 6 |  7- 9 | 10-12 | 13-15 || total
---------------------------+-------+-------+-------+-------+-------++-------
  Melee: War axe           |    94 |   158 |   228 |   234 |       ||   714
         Tailslap          |     4 |    13 |    38 |   115 |    63 ||   233
         Punch             |     1 |     2 |       |     5 |       ||     8
         Lajatang          |       |       |       |     4 |       ||     4
         Halberd           |       |       |       |   337 |   271 ||   608
         Eveningstar       |       |       |       |       |   116 ||   116
  Throw: Throwing net      |       |     1 |     4 |     4 |       ||     9
 Invoke: Divine Shield     |       |       |       |     9 |     6 ||    15
         Cleansing Flame   |       |       |       |     4 |    26 ||    30
  Evoke: Wand              |       |       |    13 |    18 |     1 ||    32
         Phial of floods   |       |       |       |     3 |       ||     3
         Lightning rod     |       |       |       |       |     4 ||     4
    Use: Scroll            |     5 |    11 |     7 |    10 |     9 ||    42
         Potion            |       |     2 |     4 |    10 |     9 ||    25
   Stab: Held in net/web   |       |     1 |     2 |       |       ||     3
 Armour: Leather armour    |    67 |       |       |       |       ||    67
         Plate armour      |    26 |   142 |   247 |   527 |   297 ||  1239
         Skin              |       |       |     1 |       |       ||     1
         Scale mail        |       |       |       |       |    96 ||    96
  Dodge: Dodged            |    41 |    27 |    66 |   278 |   162 ||   574
  Block: Other             |     9 |    31 |    54 |   187 |    72 ||   353
         Reflection        |       |       |     3 |     8 |     4 ||    15
         Buckler           |       |       |       |       |    98 ||    98
